AoeStats
← Mr.Satan

African Clearing

510351669Analyzed
2v2 RM · 18h ago on Sep 30, 2026· 67m 52s· 4 players
Game mode
Random Map
Map size
Medium (4 player)
Population
200
Speed
Normal
Resources
Standard
Victory
Conquest
Starting age
Dark Age
Ending age
Imperial Age
RankedLock teamsTeams togetherTeam positionsShared explorationLock speedFull tech treeHidden civsTurbo modeCheats
Victory
Defeat
🇪🇸 Mongols · Spain
704
+16
🇪🇸 Persians · Spain
655
+18
🇹🇷 Khmer · Türkiye
719
-17
🇦🇷 Persians · Argentina
692
-17
KOSOVAR
9:18 Loom
15:10 Feudal Age
15:38 Double-Bit Axe
18:12 Bloodlines
27:48 Castle Age
26:50 Fletching
27:02 Padded Archer Armor
30:01 Husbandry
30:15 Bow Saw
29:59 Gold Mining
31:59 Ballistics
31:45 Horse Collar
33:16 Bodkin Arrow
36:23 Nomads
41:12 Imperial Age
42:31 Wheelbarrow
42:59 Conscription
43:24 Bracer
45:17 Chemistry
44:24 Siege Engineers
44:53 Hand Cart
50:08 Drill
51:27 Heavy Scorpion
52:58 Heavy Plow
53:18 Leather Archer Armor
53:43 Gold Shaft Mining
55:31 Elite Mangudai
60:08 Scale Barding Armor
Mr.Satan
6:00 Loom
15:48 Feudal Age
18:29 Scale Barding Armor
18:35 Forging
20:57 Double-Bit Axe
20:54 Horse Collar
22:08 Bloodlines
22:41 Wheelbarrow
29:47 Castle Age
31:32 Hand Cart
31:14 Gold Mining
31:16 Stone Mining
31:37 Bow Saw
31:30 Heavy Plow
33:24 Stone Shaft Mining
33:27 Gold Shaft Mining
34:21 Husbandry
33:42 Light Cavalry
33:49 Pikeman
38:04 Masonry
41:11 Imperial Age
40:17 Iron Casting
41:10 Capped Ram
43:04 Cavalier
43:21 Halberdier
47:05 Chemistry
46:36 Architecture
46:44 Chain Barding Armor
47:25 Blast Furnace
46:27 Scale Mail Armor
48:29 Savar
53:33 Two-Man Saw
53:20 Crop Rotation
53:38 Caravan
54:08 Coinage
55:16 Plate Barding Armor
54:57 Chain Mail Armor
56:18 Guilds
56:12 Caravan
57:05 Ballistics
56:35 Heated Shot
60:37 Plate Mail Armor
60:54 Banking
59:50 Elite War Elephant
62:37 Hussar
63:48 Guard Tower
63:54 Murder Holes
mehmet.eroztoprak
21:09 Feudal Age
20:33 Loom
23:13 Scale Mail Armor
23:24 Forging
28:36 Scale Barding Armor
28:44 Bloodlines
32:07 Castle Age
30:29 Horse Collar
31:29 Gold Mining
31:32 Stone Mining
32:57 Husbandry
38:05 Chain Barding Armor
45:20 Iron Casting
55:40 Imperial Age
54:51 Gold Shaft Mining
56:21 Double Crossbow
55:46 Cavalier
56:36 Heavy Scorpion
58:46 Plate Barding Armor
62:55 Elite Skirmisher
64:41 Elite Ballista Elephant
goPales
14:32 Feudal Age
15:33 Loom
19:29 Castle Age
18:48 Double-Bit Axe
26:24 Wheelbarrow
31:30 Kamandaran
32:21 Hand Cart
40:08 Imperial Age
38:04 Bow Saw
37:35 Crossbowman
38:25 Thumb Ring
45:06 Scale Barding Armor
45:11 Forging
47:16 Fletching
47:47 Chain Barding Armor
48:03 Iron Casting
53:07 Elite War Elephant
54:52 Blast Furnace
53:47 Bodkin Arrow
54:28 Plate Barding Armor
55:33 Conscription
56:41 Padded Archer Armor
58:34 Leather Archer Armor
59:54 Ring Archer Armor
Connection lost

Rejoining the realm…

Still unreachable

The connection could not be restored.

Session expired

The server has moved on; the page needs a fresh start.